 Dungeon Crawl Stone Soup version 0.28.0-45-g0d030f2227 (webtiles) character file.

Game seed: 11360407014825459135

5534 101zpm the Frost Mage (level 10, -3/80 HPs)
             Began as a Yellow Draconian Ice Elementalist on Apr 18, 2022.
             Was a Believer of Sif Muna.
             Slain by a yak (9 damage)
             ... on level 7 of the Dungeon.
             The game lasted 00:38:44 (13148 turns).

101zpm the Frost Mage (DrIE)                       Turns: 13148, Time: 00:38:44

Health: -3/80      AC:  8    Str: 10    XL:     10   Next: 43%
Magic:  4/30       EV: 14    Int: 19    God:    Sif Muna [**....]
Gold:   425        SH:  0    Dex: 13    Spells: 12/24 levels left

rFire   . . .      SeeInvis .   D - +3 battleaxe (freeze)
rCold   . . .      Faith    .   (shield currently unavailable)
rNeg    . . .      Spirit   .   (armour unavailable)
rPois   +          Reflect  .   (helmet restricted)
rElec   .          Harm     .   (no cloak)
rCorr   +          Rampage  .   z - +0 pair of gloves
Will    .....                   (no boots)
Stlth   ++........              (no amulet)
HPRegen 0.23/turn               n - ring of magical power
MPRegen 0.22/turn               o - ring of poison resistance

@: freezing walls
A: spit acid, AC +7, unfitting armour, cold-blooded, acid resistance
a: Breathe Acid, Renounce Religion, Channel Magic


You were on level 7 of the Dungeon.
You worshipped Sif Muna.
Sif Muna was pleased with you.
You visited 2 branches of the dungeon, and saw 9 of its levels.

You collected 425 gold pieces.

Inventory:

Hand Weapons
 f - a +0 short sword of draining
 t - a +1 vampiric whip
 x - a +1 hand axe of flaming
 D - a +3 battleaxe of freezing (weapon)
 I - a +5 great sword
Missiles
 b - 3 throwing nets
 l - 203 stones
 m - 57 sling bullets
 r - 4 poisoned darts
 u - 3 boomerangs
Armour
 z - a +0 pair of gloves (worn)
Jewellery
 n - a ring of magical power (left hand)
 o - a ring of poison resistance (right hand)
Wands
 i - a wand of digging (4)
 k - a wand of polymorph (11)
 A - a wand of acid (11)
 E - a wand of mindburst (13)
 M - a wand of iceblast (17)
 N - a wand of flame (4)
Scrolls
 d - a scroll of amnesia
 e - 3 scrolls of teleportation
 g - 3 scrolls of identify
 h - a scroll of immolation
 p - 3 scrolls of summoning
 q - a scroll of vulnerability {unknown}
 v - a scroll of enchant armour {unknown}
 w - a scroll of enchant weapon {unknown}
 y - 2 scrolls of fog
 C - 2 scrolls of magic mapping {unknown}
 F - a scroll of holy word {unknown}
 K - a scroll of silence {unknown}
 L - a scroll of blinking {unknown}
Potions
 c - a potion of lignification {unknown}
 j - 4 potions of curing
 s - a potion of attraction {unknown}
 B - a potion of might
 G - 2 potions of berserk rage {unknown}
 H - a potion of flight {unknown}
 J - a potion of resistance {unknown}


   Skills:
 + Level 4.9 Fighting
 + Level 0.9 Short Blades
 + Level 0.2(0.5) Long Blades
 + Level 5.4(6.3) Axes
 + Level 4.6(5.9) Maces & Flails
 + Level 0.3 Throwing
 + Level 5.7 Dodging
 + Level 3.6 Stealth
 + Level 7.5 Spellcasting
 + Level 1.6 Conjurations
 + Level 8.2 Ice Magic


You had 12 spell levels left.
You knew the following spells:

 Your Spells              Type           Power      Damage    Failure   Level
a - Freeze                Ice            100%       1d11      1%          1
b - Frozen Ramparts       Ice            76%        1d9       1%          3
c - Ozocubu's Armour      Ice            38%        N/A       1%          3
d - Magic Dart            Conj           52%        1d5       4%          1
e - Hailstorm             Conj/Ice       25%        3d7       13%         4

Your spell library contained the following spells:

 Spells                   Type           Power      Damage    Failure   Level
 Animate Skeleton         Necr           14%        N/A       10%         1
 Apportation              Tloc           14%        N/A       10%         1
 Sting                    Tmut/Pois      28%        1d4       10%         1
 Summon Small Mammal      Summ           28%        N/A       10%         1
 Call Imp                 Summ           7%         N/A       14%         2
 Poisonous Vapours        Pois/Air       14%        N/A       14%         2
 Scorch                   Fire           14%        2d5       14%         2
 Mephitic Cloud           Conj/Pois/Air  9%         N/A       22%         3
 Flame Wave               Conj/Fire      10%        2d5       56%         4
 Olgreb's Toxic Radiance  Pois           7%         N/A       67%         4
 Summon Cactus Giant      Summ           3%         N/A       100%        6


Dungeon Overview and Level Annotations

Branches:
Dungeon (8/15)             Temple (1/1) D:5            Lair (0/6) D:8

Altars:
Ashenzari
Cheibriados
Dithmenos
Elyvilon
Fedhas
Gozag
Hepliaklqana
Kikubaaqudgha
Makhleb
Nemelex Xobeh
Okawaru
Qazlal
Ru
Sif Muna
Trog
Uskayaw
Vehumet
Wu Jian
Xom
Zin
The Shining One

Shops:
D:7 =

Annotations:
D:8 Gastronok


Innate Abilities, Weirdness & Mutations

You can spit globs of acid.
Your golden yellow scales are hard. (AC +7)
You cannot fit into any form of body armour.
You are cold-blooded and may be slowed by cold attacks.
You are resistant to acid. (rCorr)


Message History

Gastronok the Ponderous comes into view.
He is wearing a +1 hat of see invisible.
The wall freezes the yak!
You kill the yak!
Sif Muna accepts your kill.
Your icy armour and frozen ramparts will break if you move.
Continue? [Y]es or [N]o only, please.
Your icy armour and frozen ramparts will break if you move.
Continue? [Y]es or [N]o only, please.
Your icy armour and frozen ramparts will break if you move.
Continue?
Okay, then.
There are monsters nearby!
There are monsters nearby!
The wall freezes the yak.
The wall freezes the yak.
Gastronok waves his eye-stalks in wide circles.
The air twists around and strikes you!!
You hit the yak. You freeze the yak.
The yak is heavily wounded.
The frozen ramparts melt away.
The yak gores you. The yak barely misses you.
Gastronok waves his eye-stalks in wide circles.
The air twists around and strikes you!!
* * * LOW HITPOINT WARNING * * *
Your icy armour will break if you move.
Continue?
Your icy armour cracks and falls away as you move.
Your magical contamination has completely faded away.
There is an escape hatch in the ceiling here.
The yak gores you.
* * * LOW HITPOINT WARNING * * *
A mysterious force pulls you upwards. The hatch slams shut behind you.
Casting: Magic Dart (safe; 4% risk of failure)
Confirm with . or Enter, or press ? or * to list all spells.
Casting: Frozen Ramparts (safe; 1% risk of failure)
Press: ? - help, Dir - look around, f - activate The walls around you are covered in ice.
The wall freezes the yak.
The yak gores you!
* * * LOW HITPOINT WARNING * * *
You hit the yak. You freeze the yak.
The yak is severely wounded.
The wall freezes the yak.
The yak gores you!
You die...

#...# #.......# #.##.#.#
###...####.#####.###.##...#
#####.......##.#####...[[)..#..
#.........).).....##.###.#.....
###..........)##.##.##.# #.......
#...........####.......# ######..
#.#.........# #.##.##.# #...
#.#.......### #Y##.##.# #>..
#.#.......# #@##.##.# #...
#..)......######.##.##.# #...
#.#####........#.......# #...
#.#####........#.......#######...
#....##........#.##.##.#.........
#.##.##........#.#.#.............
#..............#..###...)........
#..........>.....#####.#.#####...
#.##.##...........#......# #...


You could see a yak.

Vanquished Creatures
  Pikel (D:6)
  Maggie (D:8)
  Eustachio (D:5)
  11 yaks
  Menkaure (D:7)
  A water moccasin (D:6)
  Duvessa (D:6)
  An orc warrior (D:7)
  3 centaurs
  2 lemures (D:6)
  2 phantoms (D:5)
  Blork the orc (D:5)
  3 bullfrogs (D:8)
  A gnoll sergeant (D:4)
  3 scorpions
  A wyvern skeleton (D:7)
  Dowan (D:6)
  3 killer bees (D:7)
  14 wights
  A howler monkey (D:5)
  2 centaur zombies
  A hound (D:4)
  A bullfrog zombie (D:5)
  2 orc priests (D:7)
  2 gnoll shamans
  2 jellies
  Jessica (D:2)
  4 iguanas
  3 orc wizards
  Natasha (thrice) (D:2)
  2 hound skeletons (D:4)
  Robin (D:3)
  4 adders
  18 gnolls
  An ufetubus (D:7)
  An adder zombie (D:5)
  2 adder skeletons (D:4)
  5 worms
  3 dart slugs
  14 orcs
  6 ball pythons
  8 bats
  6 endoplasms
  4 giant cockroaches
  13 goblins
  11 hobgoblins
  4 jackals (D:4)
  2 quokkas (D:2)
  6 frilled lizards
  2 kobolds (D:1)
  9 rats
196 creatures vanquished.

Vanquished Creatures (others)
  5 plants
5 creatures vanquished.

Grand Total: 201 creatures vanquished

Notes
Turn   | Place    | Note
-------+----------+-------------------------------------------
     0 | D:1      | 101zpm the Draconian Ice Elementalist began the quest for
                  | the Orb.
     0 | D:1      | Reached XP level 1. HP: 14/14 MP: 3/3
   662 | D:3      | Reached XP level 2. HP: 19/20 MP: 0/5
   965 | D:3      | Reached XP level 3. HP: 5/26 MP: 0/6
  2135 | D:2      | Noticed Natasha
  2149 | D:2      | Killed Natasha
  2238 | D:2      | Noticed Natasha
  2249 | D:2      | Killed Natasha
  2250 | D:2      | Reached skill level 5 in Ice Magic
  2250 | D:2      | Reached XP level 4. HP: 14/34 MP: 5/8
  2438 | D:2      | Noticed Jessica
  2445 | D:2      | Killed Jessica
  2553 | D:2      | Noticed Robin
  2788 | D:3      | Killed Robin
  2789 | D:3      | Reached XP level 5. HP: 29/39 MP: 5/9
  3101 | D:2      | Noticed Natasha
  3185 | D:2      | Killed Natasha
  3186 | D:2      | Reached skill level 1 in Fighting
  4593 | D:1      | Found a faded altar of an unknown god.
  5302 | D:3      | Reached XP level 6. HP: 15/47 MP: 7/11
  6078 | D:4      | Learned a level 3 spell: Frozen Ramparts
  6082 | D:4      | Learned a level 3 spell: Ozocubu's Armour
  6084 | D:4      | Learned a level 1 spell: Magic Dart
  6089 | D:4      | Learned a level 4 spell: Hailstorm
  6204 | D:4      | Reached skill level 1 in Maces & Flails
  6840 | D:4      | Your scales start taking on a golden yellow colour.
  6840 | D:4      | Reached XP level 7. HP: 48/52 MP: 12/12
  6840 | D:4      | Gained mutation: You are resistant to acid. (rCorr) [Yellow
                  | Draconian growth]
  7159 | D:4      | Noticed an angel
  7160 | D:4      | Found a glowing silver altar of Zin.
  7206 | D:5      | Entered Level 5 of the Dungeon
  7223 | D:5      | Noticed Eustachio
  7239 | D:5      | Killed Eustachio
  7624 | D:5      | Noticed Blork the orc
  7631 | D:5      | Killed Blork the orc
  7749 | D:5      | Found a staircase to the Ecumenical Temple.
  7927 | Temple   | Entered the Ecumenical Temple
  8092 | Temple   | Became a worshipper of Sif Muna the Loreminder
  8284 | D:6      | Noticed Duvessa
  8284 | D:6      | Noticed Dowan
  8303 | D:6      | Killed Duvessa
  8304 | D:6      | Reached XP level 8. HP: 43/63 MP: 1/14
  8312 | D:6      | Killed Dowan
  8427 | D:6      | Reached skill level 6 in Ice Magic
  8725 | D:6      | Noticed Pikel
  8744 | D:6      | Killed Pikel
  8745 | D:6      | Reached skill level 5 in Spellcasting
  9197 | D:6      | Reached XP level 9. HP: 40/69 MP: 10/17
  9492 | D:5      | Found a glowing golden altar of the Shining One.
  9622 | D:5      | Reached skill level 1 in Axes
  9627 | D:5      | Reached skill level 5 in Dodging
  9631 | D:5      | Reached skill level 7 in Ice Magic
  9873 | D:5      | You fall into a shaft and drop 2 floors!
  9987 | D:7      | Reached * piety under Sif Muna
 10206 | D:7      | Found Uloqayxae's Jewellery Emporium.
 10251 | D:7      | Found a radiant altar of Vehumet.
 10252 | D:7      | Found a burning altar of Makhleb.
 10252 | D:7      | Found a stormy altar of Qazlal.
 10254 | D:7      | Noticed Menkaure
 10263 | D:7      | Killed Menkaure
 11129 | D:7      | Identified the +3 leather armour "Zunor" {rPois Dex+7}
 11818 | D:8      | Noticed Maggie
 11833 | D:8      | Killed Maggie
 11834 | D:8      | Reached skill level 5 in Axes
 11834 | D:8      | Reached XP level 10. HP: 11/80 MP: 10/20
 12139 | D:8      | HP: 3/80 [orc warrior/+0 battleaxe (9)]
 12656 | D:8      | Reached skill level 1 in Conjurations
 13079 | D:8      | Found a staircase to the Lair.
 13121 | D:8      | Reached ** piety under Sif Muna
 13125 | D:8      | Reached skill level 8 in Ice Magic
 13129 | D:8      | Noticed Gastronok
 13148 | D:7      | Slain by a yak

Illustrated notes

Levels and vault maps discovered:
D:1:      dpeg_arrival_boxes_within_box, layout_basic,
          hellmonk_ecumenical_altar_run_dry, serial_bayou_pond_d
D:2:      layout_basic, uniq_robin, uniq_jessica, uniq_natasha
D:3:      layout_basic, saegor_snake_ambush
D:4:      layout_rooms, zin_angel
D:5:      layout_cave_pools, mainiacjoe_overflow_cross_hatched,
          minmay_temple_entry_gardened_gates, uniq_eustachio, uniq_blork_the_orc
D:6:      layout_rooms, uniq_duvessa, uniq_pikel
D:7:      layout_loops_cross, chequers_temple_overflow_statue_of_worship,
          serial_shops, nicolae_lakefront_shop, uniq_menkaure
D:8:      layout_basic, lair_entry_dummy, minivault_10, nicolae_specific_store,
          uniq_gastronok, uniq_maggie
Temple:   regret_index_temple_sphere_string

Skill      XL: |  1  2  3  4  5  6  7  8  9 10 |
---------------+-------------------------------+-----
Dodging        | 2 3 4 5 |  5.7
Ice Magic      | 5 6 7 8 |  8.2
Spellcasting   | 3 4 5 6 7 |  7.5
Stealth        | 2 3 |  3.6
Fighting       | 1 3 4 |  4.9
Maces & Flails | 2 3 4 |  4.6
Axes           | 5 |  5.4
Conjurations   | 1 |  1.6
Short Blades   | |  0.9
Long Blades    | |  0.2
Throwing       | |  0.3

Action                   |  1- 3 |  4- 6 |  7- 9 | 10-12 || total
-------------------------+-------+-------+-------+-------++-------
Melee: Dagger            |    33 |       |       |       ||    33
       Tailslap          |     7 |    26 |    30 |     3 ||    66
       Short sword       |    30 |    74 |       |       ||   104
       Punch             |       |     2 |       |       ||     2
       Whip              |       |   101 |   132 |       ||   233
       Battleaxe         |       |       |    96 |    25 ||   121
       Great sword       |       |       |     5 |       ||     5
Throw: Dart              |       |     5 |       |       ||     5
 Cast: Freeze            |    35 |    73 |    17 |     1 ||   126
       Frozen Ramparts   |       |     3 |    30 |    12 ||    45
       Ozocubu's Armour  |       |     1 |    15 |     3 ||    19
       Hailstorm         |       |       |     8 |     7 ||    15
       Magic Dart        |       |       |     3 |     9 ||    12
  Use: Scroll            |       |       |     6 |       ||     6
 Stab: Distracted        |       |     1 |       |       ||     1
       Sleeping          |       |       |     3 |     1 ||     4
Armor: Skin              |    33 |    79 |    85 |    18 ||   215
Dodge: Dodged            |    52 |   174 |   231 |    47 ||   504
